 Dungeon Crawl Stone Soup version 0.31.0-11-ge490571c62 (webtiles) character file.

Game seed: 16602721993075094011

509 sasquatch the Cudgeller (level 6, -6/70 HPs)
             Began as a Demonspawn Berserker on Jan 31, 2024.
             Was a Priest of Trog.
             Mangled by a killer bee (7 damage)
             ... on level 4 of the Dungeon.
             The game lasted 00:07:23 (3374 turns).

sasquatch the Cudgeller (Demonspawn Berserker)      Turns: 3374, Time: 00:07:23

Health: -6/70      AC:  5    Str: 20    XL:     6   Next: 98%
Magic:  6/6        EV: 12    Int:  7    God:    Trog [***...]
Gold:   124        SH:  0    Dex: 12    Spells: 5/5 levels left

rFire   . . .        m - +0 flail
rCold   . . .        (no shield)
rNeg    . . .        b - +0 animal skin
rPois   +            (helmet restricted)
rElec   .            (no cloak)
rCorr   .            o - +2 pair of gloves
SInv    +            (no boots)
Will    .....        (no amulet) Stlth
                     e - ring of poison resistance
HPRegen 0.31/turn    g - ring of see invisible
MPRegen 0.10/turn

%: no passive effects
@: berserking, lethally poisoned (-6 -> -9), very quick
A: hooves 1, horns 1, powered by death 1, demonic touch 1
a: Renounce Religion, Berserk, Trog's Hand


You were on level 4 of the Dungeon.
You worshipped Trog.
Trog was most pleased with you.
You visited 1 branch of the dungeon, and saw 4 of its levels.

You collected 176 gold pieces.
You spent 52 gold pieces at shops.

Inventory:

Hand Weapons
 m - a +0 flail (weapon)
Missiles
 a - 3 poisoned darts (quivered)
 k - a curare-tipped dart
Armour
 b - a +0 animal skin (worn)
 o - a +2 pair of gloves (worn)
Jewellery
 e - a ring of poison resistance (left hand)
 g - a ring of see invisible (right hand)
Wands
 s - a wand of roots (8)
Scrolls
 d - 3 scrolls of blinking
 f - 3 scrolls of teleportation
 h - a scroll of noise
 i - a scroll of summoning {unknown}
 j - a scroll of fear {unknown}
 q - a scroll of amnesia {unknown}
 r - a scroll of enchant armour {unknown}
 u - 2 scrolls of revelation {unknown}
 v - a scroll of silence {unknown}
 w - a scroll of torment {unknown}
Potions
 c - 4 potions of curing
 l - a potion of haste
 n - a potion of heal wounds
 p - a potion of ambrosia
 t - a potion of might


   Skills:
 - Level 3.0 Fighting
 + Level 7.3 Maces & Flails
 - Level 1.7 Armour
 - Level 1.7 Dodging


You had 5 spell levels left.
You didn't know any spells.
Your spell library was empty.

Dungeon Overview and Level Annotations

Branches:
Dungeon (4/15)
 Temple: D:4-7

Altars:
Gozag
Uskayaw
Vehumet

Shops:
D:4 *


Innate Abilities, Weirdness & Mutations

You have large cloven feet.
You have a pair of small horns on your head.
You regenerate a little health from kills.
Your touch may inflict minor irresistible damage on your foes.


Message History

* * * LOW HITPOINT WARNING * * *
You are poisoned.
The killer bee poisons you!
A red film seems to cover your vision as you go berserk!
You feel yourself moving faster!
You feel mighty!
You feel very sick. The killer bee closely misses you.
The jackal bites you but does no damage.
The killer bee stings you!
* * * LOW HITPOINT WARNING * * *
The jackal barely misses you.
You barely miss the killer bee. Your headbutt misses the killer bee.
The killer bee is almost dead.
You feel sick.
The killer bee stings you but does no damage.
The killer bee stings you.
* * * LOW HITPOINT WARNING * * *
The jackal bites you but does no damage.
You barely miss the killer bee. Your kick misses the killer bee.
The killer bee is almost dead.
* * * LOW HITPOINT WARNING * * *
You feel sick. The killer bee misses you.
Unknown command.
You miss the killer bee. Your kick misses the killer bee.
Your headbutt misses the killer bee.
The killer bee is almost dead.
* * * LOW HITPOINT WARNING * * *
You feel sick. The jackal bites you.
* * * LOW HITPOINT WARNING * * *
The killer bee misses you.
You barely miss the killer bee.
The killer bee is almost dead.
The killer bee misses you. The jackal barely misses you.
Unknown command.
You completely miss the killer bee. Your kick misses the killer bee.
Your headbutt misses the killer bee. Your touch misses the killer bee.
The killer bee is almost dead.
* * * LOW HITPOINT WARNING * * *
You feel sick. The killer bee stings you!
You die...

####### ##.8..8..
##hy.!.... ##$@# #..##
#.##.## #...# #^#.%# #
#...# #.#..# # #...#
#.##.## # #...#####..#..##
###[......##.##..######..#
......###..#..#.........#


You could see a killer bee and a jackal.

Vanquished Creatures
  A kobold brigand (D:4)
  A scorpion (D:4)
  A jelly (D:4)
  An orc priest (D:3)
  A hound (D:4)
  An iguana (D:4)
  A sleepcap (D:4)
  Natasha (thrice) (D:2)
  4 adders
  4 gnolls
  An adder zombie (D:2)
  3 ribbon worms
  2 dart slugs
  6 orcs
  9 ball pythons
  2 bat zombies (D:2)
  4 endoplasms
  3 giant cockroaches
  8 goblins
  6 hobgoblins
  5 quokkas
  A ball python skeleton (D:2)
  3 bats
  2 frilled lizards (D:2)
  5 kobolds
  A quokka skeleton (D:2)
  3 rats
82 creatures vanquished.

Notes
Turn   | Place    | Note
-------+----------+-------------------------------------------
     0 | D:1      | sasquatch the Demonspawn Berserker began the quest for the
                  | Orb.
     0 | D:1      | Reached XP level 1. HP: 18/18 MP: 1/1
   164 | D:1      | Reached skill level 3 in Maces & Flails
   395 | D:1      | Discovered your monstrous ancestry.
   395 | D:1      | Gained mutation: Your touch may inflict minor irresistible
                  | damage on your foes. [demonic ancestry]
   395 | D:1      | Reached XP level 2. HP: 17/24 MP: 2/2
   446 | D:1      | Found a faded altar of an unknown god.
   990 | D:2      | Reached XP level 3. HP: 18/29 MP: 3/3
  1046 | D:1      | Reached skill level 4 in Maces & Flails
  1463 | D:2      | Reached ** piety under Trog
  1474 | D:2      | Gained mutation: You have a pair of small horns on your
                  | head. [demonic ancestry]
  1474 | D:2      | Reached XP level 4. HP: 32/35 MP: 4/4
  1603 | D:2      | Noticed Natasha
  1622 | D:2      | Killed Natasha
  1623 | D:2      | Reached skill level 5 in Maces & Flails
  1819 | D:2      | Noticed Natasha
  1831 | D:2      | Killed Natasha
  1832 | D:2      | Gained mutation: You regenerate a little health from kills.
                  | [demonic ancestry]
  1832 | D:2      | Reached XP level 5. HP: 39/41 MP: 5/5
  1864 | D:2      | Identified the +5 dagger "Vonasch" {pain, rF- Will+++ rCorr
                  | Dex-5}
  1919 | D:2      | Noticed Natasha
  1923 | D:2      | Killed Natasha
  2290 | D:3      | Found an opulent altar of Gozag.
  2540 | D:3      | Reached skill level 6 in Maces & Flails
  2808 | D:4      | Found a hide-covered altar of Uskayaw.
  2810 | D:4      | Found a radiant altar of Vehumet.
  2870 | D:4      | Found Byni Axt's General Store.
  2886 | D:4      | Bought a potion of might for 52 gold pieces
  2907 | D:4      | Reached *** piety under Trog
  2957 | D:4      | Gained mutation: You have large cloven feet. [demonic
                  | ancestry]
  2957 | D:4      | Reached XP level 6. HP: 31/47 MP: 6/6
  3151 | D:4      | Reached skill level 7 in Maces & Flails
  3372 | D:4      | HP: 3/70 [poisoned by a killer bee]
  3374 | D:4      | HP: 1/70 [poisoned by a killer bee]
  3374 | D:4      | Mangled by a killer bee

Illustrated notes

Levels and vault maps discovered:
D:1:      beargit_arrival_diablo_church, layout_basic,
          shapermc_ecumenical_altar_gd
D:2:      minmay_chambers_of_ones, layout_loops_ring, dilly_guarded_unrand_morg
D:3:      layout_loops_ring, nicolae_gozag_cash_rules_everything_around_me,
          uniq_natasha
D:4:      layout_rooms, zin_purify, trog_butcher_becter,
          mainiacjoe_overflow_catwalk_spiral, gammafunk_temple_overflow_pools,
          serial_shops, shop_fountains, nzn_random_ring

Skill      XL: |  1  2  3  4  5  6 |
---------------+-------------------+-----
Maces & Flails | 3 4 5 6 7 |  7.3
Fighting       | |  3.0
Armour         | |  1.7
Dodging        | |  1.7

Action                     |  1- 3 |  4- 6 || total
---------------------------+-------+-------++-------
  Melee: Mace              |    42 |       ||    42
         Touch             |    10 |    19 ||    29
         Flail             |    31 |   139 ||   170
         Headbutt          |       |    19 ||    19
         Punch             |       |     1 ||     1
         Kick              |       |     8 ||     8
  Throw: Dart              |       |     3 ||     3
 Invoke: Berserk           |       |     2 ||     2
    Use: Scroll            |       |     7 ||     7
   Stab: Sleeping          |     2 |       ||     2
 Armour: Animal skin       |    28 |    93 ||   121
  Dodge: Dodged            |    65 |    98 ||   163
